GULF
FORT MYERS MIRACLES @ DUNEDIN RANGERS
07/20/1982
 
TOP OF THE 1ST
Fort Myers Miracles batting - Pitching for Dunedin Rangers : RHP Walt Terrell
Pitching: RHP Walt Terrell
Batting: SHB Ronnie Chapman 0-0: Called Strike
0-1: Foul Ball, location: 2F
0-2: Strikes out swinging
Batting: RHB T.J. Stout 0-0: Ball
1-0: SINGLE (Groundball, 6MD, EV 103.8 MPH)
Batting: RHB Bobby Hinson 0-0: Foul Ball, location: 2F
0-1: Foul Ball, location: 2F
0-2: Strikes out swinging
Batting: SHB Moses Coleman 0-0: Fly out, F8 (Flyball, 8RXD, EV 103.1 MPH)
Top of the 1st over - 0 runs, 1 hit, 0 errors, 1 left on base; Fort Myers 0 - Dunedin 0
BOTTOM OF THE 1ST
Dunedin Rangers batting - Pitching for Fort Myers Miracles : RHP David Valerio
Pitching: RHP David Valerio
Batting: RHB Jacob Brumfield 0-0: Ball
1-0: Called Strike
1-1: Fly out, F9 (Flyball, 89D, EV 109.4 MPH)
Batting: LHB Mike L Hart 0-0: DOUBLE (Line Drive, 3D, EV 98.1 MPH)
Batting: LHB David Thielker 0-0: Ball
1-0: Swinging Strike
1-1: Ball
2-1: Swinging Strike
2-2: Fly out, F6 (Popup, 15S, EV 85.6 MPH)
Batting: RHB Glenn Wilson 0-0: DOUBLE (Line Drive, 7LM, EV 105.6 MPH)
Mike L Hart scores
Batting: LHB Ty Van Burkleo 0-0: Ground out 5-3 (Groundball, 56, EV 81.3 MPH)
Bottom of the 1st over - 1 run, 2 hits, 0 errors, 1 left on base; Fort Myers 0 - Dunedin 1
TOP OF THE 2ND
Fort Myers Miracles batting - Pitching for Dunedin Rangers : RHP Walt Terrell
Batting: RHB Galtero Gioacchini 0-0: Ball
1-0: Called Strike
1-1: Called Strike
1-2: Ground out U3 (Groundball, 34, EV 81.3 MPH)
Batting: RHB Michael Saccocio 0-0: Ball
1-0: Ball
2-0: Ball
3-0: Called Strike
3-1: Fly out, F9 (Line Drive, 9, EV 105.6 MPH)
Batting: LHB Stacey Pettis 0-0: Ball
1-0: Ground out 5-3 (Groundball, 56, EV 105.0 MPH)
Top of the 2nd over - 0 runs, 0 hits, 0 errors, 0 left on base; Fort Myers 0 - Dunedin 1
BOTTOM OF THE 2ND
Dunedin Rangers batting - Pitching for Fort Myers Miracles : RHP David Valerio
Batting: RHB John Gibbons 0-0: Ball
1-0: Called Strike
1-1: Ball
2-1: Ball
3-1: Foul Ball, location: 2F
3-2: Fly out, F8 (Flyball, 8LS, EV 88.1 MPH)
Batting: RHB Edgar Martinez 0-0: Ball
1-0: Called Strike
1-1: Fly out, F8 (Line Drive, 8LD, EV 108.1 MPH)
Batting: RHB Gary Thurman 0-0: Called Strike
0-1: Foul Ball, location: 2F
0-2: Ball
1-2: Ball
2-2: Fly out, F7 (Flyball, 7, EV 86.9 MPH)
Bottom of the 2nd over - 0 runs, 0 hits, 0 errors, 0 left on base; Fort Myers 0 - Dunedin 1
TOP OF THE 3RD
Fort Myers Miracles batting - Pitching for Dunedin Rangers : RHP Walt Terrell
Batting: LHB Abraham Becerra 0-0: Ball
1-0: Ball
2-0: Fly out, F7 (Flyball, 7, EV 81.3 MPH)
Batting: RHB Rico Escobar 0-0: Ball
1-0: Called Strike
1-1: Called Strike
1-2: Strikes out swinging
Batting: SHB Ronnie Chapman 0-0: Ball
1-0: Foul Ball, location: 2F
1-1: Called Strike
1-2: Ball
2-2: Fly out, F3 (Popup, 3SF, EV 65.6 MPH)
Top of the 3rd over - 0 runs, 0 hits, 0 errors, 0 left on base; Fort Myers 0 - Dunedin 1
BOTTOM OF THE 3RD
Dunedin Rangers batting - Pitching for Fort Myers Miracles : RHP David Valerio
Batting: RHB Ron Gant 0-0: Ball
1-0: Ball
2-0: Ball
3-0: Base on Balls
Batting: RHB Jacob Brumfield 0-0: Ball
1-0: Ball
2-0: Called Strike
2-1: SINGLE (Groundball, 4M, EV 85.0 MPH) (infield hit)
Ron Gant to second
Batting: LHB Mike L Hart 0-0: Fly out, F8 (Flyball, 78D, EV 94.4 MPH)
Batting: LHB David Thielker 0-0: Called Strike
0-1: Called Strike
0-2: Ball
1-2: Foul Ball, location: 2F
1-2: Ball
2-2: Strikes out looking
Batting: RHB Glenn Wilson 0-0: Called Strike
0-1: Ball
1-1: Fly out, F9 (Flyball, 9S, EV 87.5 MPH)
Bottom of the 3rd over - 0 runs, 1 hit, 0 errors, 2 left on base; Fort Myers 0 - Dunedin 1
TOP OF THE 4TH
Fort Myers Miracles batting - Pitching for Dunedin Rangers : RHP Walt Terrell
Batting: RHB T.J. Stout 0-0: Fly out, F7 (Flyball, 7S, EV 89.4 MPH)
Batting: RHB Bobby Hinson 0-0: Ball
1-0: Ball
2-0: Ground out 6-3 (Groundball, 56, EV 97.5 MPH)
Batting: SHB Moses Coleman 0-0: Swinging Strike
0-1: Ball
1-1: Fly out, F7 (Flyball, 7, EV 88.1 MPH)
Top of the 4th over - 0 runs, 0 hits, 0 errors, 0 left on base; Fort Myers 0 - Dunedin 1
BOTTOM OF THE 4TH
Dunedin Rangers batting - Pitching for Fort Myers Miracles : RHP David Valerio
Batting: LHB Ty Van Burkleo 0-0: Ball
1-0: Foul Ball, location: 2F
1-1: Fly out, F8 (Flyball, 78M, EV 90.6 MPH)
Batting: RHB John Gibbons 0-0: Ball
1-0: Ball
2-0: Fly out, F7 (Line Drive, 7, EV 86.3 MPH)
Batting: RHB Edgar Martinez 0-0: Ball
1-0: Ball
2-0: Ball
3-0: Called Strike
3-1: Called Strike
3-2: Reached on error, E6 (Groundball, 6D, EV 90.0 MPH)
Batting: RHB Gary Thurman 0-0: Called Strike
0-1: Ball
1-1: Swinging Strike
1-2: Strikes out swinging
Bottom of the 4th over - 0 runs, 0 hits, 1 error, 1 left on base; Fort Myers 0 - Dunedin 1
TOP OF THE 5TH
Fort Myers Miracles batting - Pitching for Dunedin Rangers : RHP Walt Terrell
Batting: RHB Galtero Gioacchini 0-0: Ground out 3-1 (Groundball, 34, EV 108.8 MPH)
Batting: RHB Michael Saccocio 0-0: Foul Ball, location: 2F
0-1: Foul Ball, location: 2F
0-2: Strikes out looking
Batting: LHB Stacey Pettis 0-0: Ball
1-0: Ball
2-0: SINGLE (Groundball, 6MS, EV 61.3 MPH) (infield hit)
Batting: LHB Abraham Becerra 0-0: Ball
1-0: Called Strike
Stacey Pettis steals 2nd base (no throw)
1-1: Ball
2-1: Fly out, F6 (Line Drive, 6, EV 63.1 MPH)
Top of the 5th over - 0 runs, 1 hit, 0 errors, 1 left on base; Fort Myers 0 - Dunedin 1
BOTTOM OF THE 5TH
Dunedin Rangers batting - Pitching for Fort Myers Miracles : RHP David Valerio
Batting: RHB Ron Gant 0-0: SINGLE (Line Drive, 3D, EV 100.0 MPH)
Batting: RHB Jacob Brumfield 0-0: Ball
1-0: Swinging Strike
1-1: Foul Ball, location: 2F
1-2: Ball
2-2: Fly out, F8 (Flyball, 8RS, EV 88.1 MPH)
Batting: LHB Mike L Hart 0-0: Foul Ball, location: 2F
0-1: Ball
1-1: Ball
2-1: Ball
3-1: Called Strike
3-2: Grounds into double play, 4-6-3 (Groundball, 34, EV 83.8 MPH)
Bottom of the 5th over - 0 runs, 1 hit, 0 errors, 0 left on base; Fort Myers 0 - Dunedin 1
TOP OF THE 6TH
Fort Myers Miracles batting - Pitching for Dunedin Rangers : RHP Walt Terrell
Batting: RHB Rico Escobar 0-0: Ground out 4-3 (Groundball, 4, EV 80.6 MPH)
Batting: SHB Ronnie Chapman 0-0: Swinging Strike
0-1: Ground out 4-3 (Groundball, 4, EV 86.9 MPH)
Batting: RHB T.J. Stout 0-0: Called Strike
0-1: Swinging Strike
0-2: Ball
1-2: Foul Ball, location: 2F
1-2: Strikes out looking
Top of the 6th over - 0 runs, 0 hits, 0 errors, 0 left on base; Fort Myers 0 - Dunedin 1
BOTTOM OF THE 6TH
Dunedin Rangers batting - Pitching for Fort Myers Miracles : RHP David Valerio
Batting: LHB David Thielker 0-0: Ball
1-0: Ball
2-0: Foul Ball, location: 2F
2-1: Single, Error in OF, E8, batter to second base (Groundball, 4MD, EV 110.0 MPH)
Batting: RHB Glenn Wilson 0-0: Foul Ball, location: 2F
0-1: Ball
1-1: Swinging Strike
1-2: Ball
2-2: Ball
3-2: Strikes out swinging
Batting: LHB Ty Van Burkleo 0-0: Ball
1-0: Ball
2-0: Ball
3-0: Base on Balls
Batting: RHB John Gibbons 0-0: Hit by Pitch
David Thielker to third
Ty Van Burkleo to second
Batting: RHB Edgar Martinez 0-0: Ball
1-0: Called Strike
1-1: Ball
2-1: Ball
3-1: Fly out, F9 (Flyball, 9LS, EV 86.3 MPH)
Runner from 3rd tags up, OUT at HOME! 9-2
Bottom of the 6th over - 0 runs, 1 hit, 1 error, 2 left on base; Fort Myers 0 - Dunedin 1
TOP OF THE 7TH
Fort Myers Miracles batting - Pitching for Dunedin Rangers : RHP Walt Terrell
Batting: RHB Bobby Hinson 0-0: Fly out, F6 (Flyball, 6D, EV 87.5 MPH)
Batting: SHB Moses Coleman 0-0: Called Strike
0-1: Ball
1-1: Ball
2-1: Ground out 5-3 (Groundball, 56, EV 91.3 MPH)
Batting: RHB Galtero Gioacchini 0-0: Ball
1-0: Called Strike
1-1: Called Strike
1-2: Foul Ball, location: 2F
1-2: Ground out 5-3 (Groundball, 5D, EV 101.9 MPH)
Top of the 7th over - 0 runs, 0 hits, 0 errors, 0 left on base; Fort Myers 0 - Dunedin 1
BOTTOM OF THE 7TH
Dunedin Rangers batting - Pitching for Fort Myers Miracles : RHP David Valerio
Batting: RHB Gary Thurman 0-0: Ground out 5-3 (Groundball, 56S, EV 82.5 MPH)
Batting: RHB Ron Gant 0-0: Called Strike
0-1: Called Strike
0-2: Foul Ball, location: 2F
0-2: Ball
1-2: Ball
2-2: SINGLE (Line Drive, 3D, EV 96.3 MPH)
Batting: RHB Jacob Brumfield 0-0: Ball
Ron Gant steals 2nd base
1-0: Foul Ball, location: 2F
1-1: Swinging Strike
1-2: SINGLE (Line Drive, 56D, EV 105.6 MPH)
Ron Gant to third
Runner from 3rd tries for Home, SAFE, throw by LF to home
Pitching: LHP Tony Ybarra
Batting: LHB Mike L Hart 0-0: Called Strike
0-1: Foul Ball, location: 2F
0-2: 2-RUN HOME RUN (Flyball, 7D, EV 105.0 MPH), Distance : 396 ft
Batting: LHB David Thielker 0-0: Called Strike
0-1: Ball
1-1: Ball
2-1: Foul Ball, location: 2F
2-2: Foul Ball, location: 2F
2-2: SINGLE (Line Drive, 78S, EV 94.4 MPH)
Batting: RHB Glenn Wilson 0-0: Called Strike
0-1: Ball
1-1: Ball
2-1: Ball
3-1: 2-RUN HOME RUN (Flyball, 78XD, EV 94.4 MPH), Distance : 435 ft
Batting: LHB Ty Van Burkleo 0-0: Ball
1-0: Fly out, F8 (Flyball, 78M, EV 90.0 MPH)
Batting: RHB John Gibbons 0-0: Ball
1-0: Ball
2-0: Foul Ball, location: 2F
2-1: Swinging Strike
2-2: Foul Ball, location: 2F
2-2: Strikes out swinging
Bottom of the 7th over - 5 runs, 5 hits, 0 errors, 0 left on base; Fort Myers 0 - Dunedin 6
TOP OF THE 8TH
Fort Myers Miracles batting - Pitching for Dunedin Rangers : RHP Walt Terrell
Batting: RHB Michael Saccocio 0-0: Called Strike
0-1: Ball
1-1: Ground out U3 (Groundball, 34, EV 93.1 MPH)
Batting: LHB Stacey Pettis 0-0: Ground out 1-3 (Groundball, 13S, EV 67.5 MPH)
Batting: LHB Abraham Becerra 0-0: Called Strike
0-1: Foul Ball, location: 2F
0-2: SINGLE (Line Drive, 7S, EV 106.3 MPH)
Batting: RHB Rico Escobar 0-0: Ground out 5-3 (Groundball, 56S, EV 80.0 MPH)
Top of the 8th over - 0 runs, 1 hit, 0 errors, 1 left on base; Fort Myers 0 - Dunedin 6
BOTTOM OF THE 8TH
Dunedin Rangers batting - Pitching for Fort Myers Miracles : LHP Tony Ybarra
Batting: RHB Edgar Martinez 0-0: Ball
1-0: Ball
2-0: Foul Ball, location: 2F
2-1: Foul Ball, location: 2F
2-2: Ball
3-2: SOLO HOME RUN (Flyball, 78XD, EV 91.3 MPH), Distance : 436 ft
Pinch Hitting: RHB Rich Rodriguez 0-0: Fly out, F7 (Flyball, 78S, EV 76.3 MPH)
Pinch Hitting: RHB Carl Vasquez 0-0: Foul Ball, location: 2F
0-1: Swinging Strike
0-2: Ball
1-2: Strikes out swinging
Pinch Hitting: RHB Juan Cruz 0-0: Called Strike
0-1: Ball
1-1: Foul Ball, location: 2F
1-2: Ball
2-2: DOUBLE (Flyball, 8RD, EV 108.1 MPH)
Pinch Hitting: LHB Orlando Artiles 0-0: Ball
1-0: Fly out, F9 (Flyball, 9LM, EV 79.4 MPH)
Bottom of the 8th over - 1 run, 2 hits, 0 errors, 1 left on base; Fort Myers 0 - Dunedin 7
TOP OF THE 9TH
Fort Myers Miracles batting - Pitching for Dunedin Rangers : RHP Walt Terrell
Now at 2B: Juan Cruz
Now at SS: Carl Vasquez
Now in CF: Orlando Artiles
Now in RF: Rich Rodriguez
Batting: SHB Ronnie Chapman 0-0: Called Strike
0-1: Foul Ball, location: 2F
0-2: Strikes out swinging
Pinch Hitting: SHB Jeff Wagner 0-0: Swinging Strike
0-1: Ball
1-1: Foul Ball, location: 2F
1-2: Ball
2-2: Ground out 5-3 (Groundball, 56, EV 94.4 MPH)
Pinch Hitting: LHB David Pagel 0-0: Ball
1-0: Called Strike
1-1: Swinging Strike
1-2: Foul Ball, location: 2F
1-2: Foul Ball, location: 2F
1-2: Ball
2-2: Foul Ball, location: 2F
2-2: SOLO HOME RUN (Flyball, 89XD, EV 97.5 MPH), Distance : 437 ft
Batting: SHB Moses Coleman 0-0: Ball
1-0: Called Strike
1-1: Swinging Strike
1-2: Ball
2-2: Ball
3-2: Foul Ball, location: 2F
3-2: Base on Balls
Batting: RHB Galtero Gioacchini 0-0: Called Strike
0-1: Ground out 4-3 (Groundball, 4, EV 83.8 MPH)
Top of the 9th over - 1 run, 1 hit, 0 errors, 1 left on base; Fort Myers 1 - Dunedin 7
Monday, August 17th, 2020 - OOTP Baseball 21.5 Build 76